 Dungeon Crawl Stone Soup version 0.28-a0-991-g956f0ee3d5 (webtiles) character file.

Game seed: 3932930732114232945

1675 siradein the Ruffian (level 8, 0/78 HPs)
             Began as a Troll Transmuter on Dec 4, 2021.
             Succumbed to a hornet's poison
             ... on level 7 of the Dungeon.
             The game lasted 00:07:23 (5039 turns).

siradein the Ruffian (Troll Transmuter)             Turns: 5039, Time: 00:07:23

Health: 0/78       AC:  6    Str: 19    XL:     8   Next: 70%
Magic:  9/11       EV: 10    Int: 17    God:
Gold:   277        SH:  0    Dex: 10    Spells: 1/13 levels left

rFire   . . .      SeeInvis .     - Unarmed
rCold   . . .      Faith    +   (no shield)
rNeg    . . .      Spirit   .   k - +2 animal skin
rPois   .          Reflect  .   (helmet currently unavailable)
rElec   .          Harm     .   v - scarf {+Inv}
rCorr   .          Rampage  .   (gloves unavailable)
Will    .....                   (boots unavailable)
Stlth   +.........              t - amulet of faith
HPRegen 1.03/turn               h - ring of flight
MPRegen 0.12/turn               y - +6 ring of intelligence

@: lethally poisoned (0 -> -22), appendages (expiring), wereblooded, flying,
slowed, very slow
A: horns 2, talons 2, large, unfitting armour, claws 3, regeneration 1, shaggy
fur 1, tough skin 1
a: End Transformation, Evoke Invisibility


You were on level 7 of the Dungeon.
You had temporarily grown beastly horns and talons.
You visited 1 branch of the dungeon, and saw 7 of its levels.

You collected 277 gold pieces.

Inventory:

Missiles
 s - 2 throwing nets
Armour
 k - a +2 animal skin (worn)
 v - a scarf of invisibility (worn)
Jewellery
 h - a ring of flight (left claw)
 i - a ring of willpower
 t - an amulet of faith (around neck)
 y - a +6 ring of intelligence (right claw)
Wands
 j - a wand of digging (4)
 B - a wand of flame (30)
Scrolls
 b - 2 scrolls of noise {unknown}
 c - 5 scrolls of identify {unknown}
 e - a scroll of magic mapping {unknown}
 f - a scroll of brand weapon {unknown}
 g - a scroll of immolation {unknown}
 l - a scroll of acquirement {unknown}
 m - a scroll of enchant armour {unknown}
 o - a scroll of enchant weapon {unknown}
 p - 2 scrolls of blinking {unknown}
 u - 2 scrolls of teleportation {unknown}
 w - 2 scrolls of amnesia {unknown}
 A - 3 scrolls of fog {unknown}
Potions
 a - a potion of degeneration {unknown}
 d - 5 potions of curing {unknown}
 n - a potion of resistance {unknown}
 q - a potion of might {unknown}
 r - a potion of heal wounds {unknown}
 x - a potion of magic {unknown}
 z - a potion of ambrosia {unknown}


   Skills:
 + Level 4.0 Fighting
 + Level 4.3 Dodging
 + Level 5.8 Unarmed Combat
 + Level 3.3 Spellcasting
 + Level 4.0 Transmutations
 + Level 0.3 Earth Magic
 + Level 0.2 Poison Magic


You had one spell level left.
You knew the following spells:

 Your Spells              Type           Power      Damage    Failure   Level
a - Beastly Appendage     Tmut           32%        N/A       3%          1
b - Wereblood             Tmut           16%        N/A       4%          2
c - Spider Form           Tmut/Pois      10%        N/A       22%         3
d - Statue Form           Tmut/Erth      6%         N/A       100%        6

Your spell library contained the following spells:

 Spells                   Type           Power      Damage    Failure   Level
 Ice Form                 Ice/Tmut       9%         N/A       58%         4
 Leda's Liquefaction      Hex/Erth       1%         N/A       83%         4
 Lee's Rapid Deconstruct  Erth           2%         3d5*      99%         5


Dungeon Overview and Level Annotations

Branches:
Dungeon (7/15)
 Temple: D:4-7

Altars:
Cheibriados
Nemelex Xobeh
Yredelemnul
Zin
The Shining One

Annotations:
D:5 2 transporters


Innate Abilities, Weirdness & Mutations

You have temporarily grown beastly horns and talons.
You are too large for most types of armour.
You have claws for hands.
Your natural rate of healing is unusually fast.
You are covered in fur. (AC +1)
You have tough skin. (AC +1)


Message History

You feel sick.
You feel sick.
The hornet stings you but does no damage.
You feel sick.
You feel sick.
You are no longer poisoned.
The kobold brigand throws a poisoned dart.
The poisoned dart hits you!
You are poisoned.
The hornet stings you.
You feel yourself slow down.
You feel sick.
Two slime creatures merge to form a large slime creature.
The hornet stings you.
You are more poisoned.
You feel as though you will be slow longer.
You feel very sick. The hornet stings you.
You are more poisoned.
You feel as though you will be slow longer.
A large slime creature merges with something you can't see.
Casting: Beastly Appendage (safe; 3% risk of failure)
Confirm with . or Enter, or press ? or * to list all spells.
Your blood is infused with primal strength.
Your transformation is almost over.
You feel extremely sick. The hornet stings you!
You are more poisoned.
You feel as though you will be slow longer.
The hornet stings you!
* * * LOW HITPOINT WARNING * * *
You are more poisoned.
You suddenly lose the ability to move!
The hornet stings you.
* * * LOW HITPOINT WARNING * * *
You shrug off the repeated paralysis!
* * * LOW HITPOINT WARNING * * *
You feel extremely sick.
The hornet stings you but does no damage.
You can move again.
You closely miss the hornet.
You die...

#.........#
#.........# .
#.........#
..
#....JK...#
.. ##
#####..J###
.. ..#
##.K#....# #
#..#
##KJ####....#
#..# ###y###
##J..# #..#
##.@## ##..
#..####..## #
#..#..###
#...## ##.##
#..# #.## #.#
##.#


You could see a slime creature, a hornet, a kobold brigand and 2 kobolds.

Vanquished Creatures
  An ice beast (D:6)
  A black bear (D:6)
  An ogre (D:4)
  A centaur (D:6)
  A phantom (D:6)
  A bullfrog (D:7)
  2 scorpions (D:6)
  2 water moccasin zombies (D:4)
  2 water moccasin skeletons
  A howler monkey (D:6)
  A bullfrog skeleton (D:5)
  A jelly (D:6)
  A gnoll shaman (D:4)
  An orc priest (D:6)
  4 hounds
  2 iguanas
  Jessica (D:2)
  A centaur skeleton (D:4)
  An orc wizard (D:4)
  5 hound zombies
  Robin (D:2)
  A howler monkey skeleton (D:4)
  10 adders
  12 gnolls
  A white imp (D:5)
  2 adder zombies (D:4)
  2 adder skeletons (D:4)
  A worm (D:4)
  7 dart slugs
  18 orcs
  4 bats
  9 endoplasms
  3 giant cockroaches
  15 goblins
  12 hobgoblins
  7 jackals (D:1)
  9 kobolds
  9 ball pythons
  8 frilled lizards
  4 rats
166 creatures vanquished.

Notes
Turn   | Place    | Note
-------+----------+-------------------------------------------
     0 | D:1      | siradein the Troll Transmuter began the quest for the Orb.
     0 | D:1      | Reached XP level 1. HP: 18/18 MP: 1/1
    73 | D:1      | Reached skill level 1 in Fighting
    73 | D:1      | Reached XP level 2. HP: 23/27 MP: 3/3
   421 | D:1      | Reached XP level 3. HP: 33/33 MP: 4/4
   799 | D:2      | Noticed Robin
   814 | D:2      | Killed Robin
   815 | D:2      | Reached XP level 4. HP: 39/41 MP: 3/5
   978 | D:2      | Noticed Jessica
   988 | D:2      | Killed Jessica
  1416 | D:3      | Reached XP level 5. HP: 49/49 MP: 6/6
  1418 | D:3      | Found a glowing golden altar of the Shining One.
  1565 | D:3      | Found a faded altar of an unknown god.
  1731 | D:3      | Learned a level 2 spell: Wereblood
  1735 | D:3      | Learned a level 3 spell: Spider Form
  2189 | D:4      | Noticed an ogre
  2203 | D:4      | Killed an ogre
  2204 | D:4      | Reached skill level 4 in Unarmed Combat
  2204 | D:4      | Reached XP level 6. HP: 27/57 MP: 5/8
  2371 | D:4      | Found a sparkling altar of Nemelex Xobeh.
  2531 | D:4      | Reached XP level 7. HP: 23/66 MP: 6/9
  2742 | D:4      | Found a basalt altar of Yredelemnul.
  2923 | D:4      | Found a snail-covered altar of Cheibriados.
  3162 | D:5      | Entered Level 5 of the Dungeon
  3195 | D:5      | Found a glowing silver altar of Zin.
  3246 | D:5      | Found a transporter.
  3271 | D:5      | Found a transporter.
  3368 | D:5      | Reached skill level 5 in Unarmed Combat
  3889 | D:6      | Reached XP level 8. HP: 53/75 MP: 9/11
  4861 | D:6      | Learned a level 6 spell: Statue Form
  5027 | D:7      | Noticed a slime creature
  5027 | D:7      | Noticed a slime creature
  5027 | D:7      | Noticed a slime creature
  5027 | D:7      | Noticed a hornet
  5028 | D:7      | Noticed a slime creature
  5037 | D:7      | Paralysed by a hornet for 2 turns
  5039 | D:7      | Succumbed to a hornet's poison

Illustrated notes

Levels and vault maps discovered:
D:1:      moated_graveyard_arrival, layout_loops_ring, st_stairs_13
D:2:      layout_rooms, patterned_corridor, uniq_robin, uniq_jessica
D:3:      layout_basic, old_standard_altar, dreamdust_ecumenical_altar_statues,
          grunt_ministairs_12
D:4:      layout_rooms, mainiacjoe_overflow_concentric_impassable,
          old_standard_altar, lemuel_doored_altar, serial_undead,
          serial_undead_a, serial_undead_f, serial_undead_a, serial_undead_e,
          serial_undead_f, minmay_surrounded
D:5:      gammafunk_wand_slinger, layout_loops_ring, zin_academy,
          chequers_serial_rivers_micro_d
D:6:      wander_river, layout_basic
D:7:      layout_cave_pods, minmay_temple_entry_offerings

Skill      XL: |  1  2  3  4  5  6  7  8 |
---------------+-------------------------+-----
Fighting       | 1 2 3 4 |  4.0
Dodging        | 2 3 4 |  4.3
Transmutations | 2 3 4 |  4.0
Unarmed Combat | 4 5 |  5.8
Spellcasting   | 2 3 |  3.3
Earth Magic    | |  0.3
Poison Magic   | |  0.2

Action                   |  1- 3 |  4- 6 |  7- 9 || total
-------------------------+-------+-------+-------++-------
Melee: Unarmed           |   102 |   178 |   189 ||   469
       Punch             |     1 |     1 |     3 ||     5
       Kick              |     2 |    14 |    35 ||    51
       Headbutt          |     1 |    10 |    25 ||    36
 Cast: Beastly Appendage |     1 |     4 |    26 ||    31
       Wereblood         |       |     1 |     3 ||     4
 Stab: Sleeping          |     2 |     1 |       ||     3
Armor: Robe              |    36 |     1 |       ||    37
       Animal skin       |       |    64 |    66 ||   130
Dodge: Dodged            |    48 |    98 |   119 ||   265

Table legend: (Time is in decaauts)
 A = Elapsed time spent in this place.
 B = Non-inter-level travel time spent in this place.
 C = Inter-level travel time spent in this place.
 D = Time resting spent in this place.
 E = Time spent auto-exploring this place.
 F = Levels seen in this place.
 G = Mean time per level.
                   A        B        C        D        E       F      G
               +--------+--------+--------+--------+--------+-----+--------+
         Total |   5003 |   4868 |    135 |    173 |   3691 |   7 |  714.7 |
       Dungeon |   5003 |   4868 |    135 |    173 |   3691 |   7 |  714.7 |
               +--------+--------+--------+--------+--------+-----+--------+

Top non-repeatable levels by time:
     D:6: 1016 daAuts
     D:3: 971 daAuts
     D:4: 775 daAuts
     D:1: 725 daAuts
     D:5: 715 daAuts
     D:2: 664 daAuts
     D:7: 134 daAuts
